 Dungeon Crawl Stone Soup version 0.29.0-4-gdea44cf6ec (webtiles) character file.

Game seed: 5475791342568814725

1250 qw the Cleaver (level 8, -10/48 HPs)
             Began as a Tengu Warper on Aug 28, 2022.
             Mangled by a two-headed ogre
             ... wielding a +0 giant spiked club
              (24 damage)
             ... on level 5 of the Dungeon.
             The game lasted 00:00:30 (4707 turns).

qw the Cleaver (Tengu Warper)                       Turns: 4707, Time: 00:00:31

Health: -10/48     AC: 13    Str: 21    XL:     8   Next: 50%
Magic:  12/12      EV: 10    Int: 15    God:
Gold:   324        SH:  0    Dex: 13    Spells: 11/11 levels left

rFire   . . .      SeeInvis +   Y - +0 hand axe
rCold   x . .      Faith    .   (no shield)
rNeg    . . .      Spirit   .   n - +0 chain mail
rPois   .          Reflect  .   (helmet restricted)
rElec   .          Harm     .   a - +3 cloak "Juohul" {Rampage +Inv rC- Str+8}
rCorr   .          Rampage  +   (no gloves)
Will    .....                   (boots unavailable)
Stlth   ..........              k - amulet of regeneration
HPRegen 0.96/turn               d - ring of see invisible
MPRegen 0.13/turn               (no ring)

@: flying quickly and evasively, quick
A: beak, talons 3, nimble flight
a: Evoke Invisibility


You were on level 5 of the Dungeon.
You visited 1 branch of the dungeon, and saw 5 of its levels.

You collected 324 gold pieces.


Innate Abilities, Weirdness & Mutations

You have a beak for a mouth.
You have claws for feet.
Your magical nature lets you fly swiftly and evasively.


   Skills:
 - Level 4.0 Fighting
 + Level 9.5 Axes
 - Level 1.0 Throwing
 - Level 4.2 Armour
 - Level 2.1 Dodging
 - Level 2.0 Spellcasting
 - Level 2.4 Translocations


You had 11 spell levels left.
You didn't know any spells.
Your spell library contained the following spells:

 Spells                   Type           Power      Damage    Failure   Level
 Blink                    Tloc           16%        N/A       75%         2
 Gell's Gravitas          Tloc           8%         N/A       92%         3
 Lesser Beckoning         Tloc           8%         N/A       92%         3
 Teleport Other           Tloc           8%         N/A       92%         3
 Manifold Assault         Tloc           8%         N/A       100%        5

Inventory:

Hand Weapons
 r - a +0 flail of protection
 Y - a +0 hand axe (weapon)
Armour
 a - the +3 cloak "Juohul" (worn) {Rampage +Inv rC- Str+8}
   (You acquired it on level 1 of the Dungeon)

   Str:       It affects your strength (+8).
   rC:        It makes you vulnerable to cold.
   +Inv:      It lets you turn invisible.
   Rampage:   It bestows one free step when moving towards enemies.
 n - a +0 chain mail (worn)
 o - a scarf of harm
Jewellery
 d - a ring of see invisible (left hand)
 k - an amulet of regeneration (around neck)
Scrolls
 e - 2 scrolls of teleportation
 l - 2 scrolls of identify
 p - a scroll of enchant weapon {unknown}
Potions
 c - a potion of resistance
 f - a potion of ambrosia {unknown}
 g - a potion of flight {unknown}
 h - a potion of invisibility {unknown}
 i - 2 potions of curing
 j - a potion of might {unknown}
 m - 2 potions of haste
 q - a potion of mutation {unknown}

Dungeon Overview and Level Annotations

Branches:
Dungeon (5/15)
 Temple: D:4-7

Altars:
Ashenzari
Ru
The Shining One

Shops:
D:1 [

Annotations:
D:5 1 transporter, qw's ghost, novice TeWr


Message History

You hit the shadow imp but do no damage.
Your kick misses the shadow imp. Your peck misses the shadow imp.
You hit the two-headed ogre. Your peck misses the two-headed ogre.
The two-headed ogre is lightly wounded.
You hit the two-headed ogre but do no damage.
You claw the two-headed ogre.
The two-headed ogre is lightly wounded.
You slash the two-headed ogre! You claw the two-headed ogre.
The two-headed ogre is moderately wounded.
You hit the shadow imp.
A scorpion comes into view.
The shadow imp hits you but does no damage.
The two-headed ogre closely misses you. The two-headed ogre barely misses you.
You closely miss the two-headed ogre. You claw the two-headed ogre.
The two-headed ogre is heavily wounded.
You hit the shadow imp but do no damage.
The shadow imp gestures at you.
You struggle to resist.
You hit the two-headed ogre.
The two-headed ogre is heavily wounded.
You completely miss the shadow imp.
The two-headed ogre hits you with a +0 giant spiked club!!
The two-headed ogre hits you with a +0 giant spiked club.
The shadow imp closely misses you.
You hit the two-headed ogre.
The two-headed ogre is severely wounded.
You hit the shadow imp. The two-headed ogre misses you.
The two-headed ogre hits you with a +0 giant spiked club!
The shadow imp closely misses you.
You hit the two-headed ogre but do no damage.
The two-headed ogre is severely wounded.
You hit the shadow imp but do no damage.
You barely miss the two-headed ogre.
The two-headed ogre is severely wounded.
You closely miss the shadow imp.
The shadow imp hits you but does no damage.
The two-headed ogre hits you with a +0 giant spiked club!!
Ouch! That really hurt!
You die...

### #.# #.. #.# #.#
########.#############
###$....................
#.....O@..........#####
#.....5...............##
.....s................##
........................
...
...._..########...........
... ..#.....
.........####... ..
..#.... ...........##... .
...#'#.. ............##...
#####....
."...............


You could see a two-headed ogre, a scorpion and a shadow imp.

Vanquished Creatures
  A shadow (D:5)
  A water moccasin (D:5)
  A black bear (D:5)
  An ogre (D:5)
  A necrophage (D:5)
  5 scorpions
  A howler monkey (D:4)
  A jelly (D:5)
  2 hounds (D:5)
  2 orc priests
  Jessica (D:3)
  Natasha (D:2)
  3 iguanas
  8 adders
  A dart slug (D:4)
  9 orcs
  4 bats
  9 endoplasms
  11 goblins
  10 hobgoblins
  7 jackals (D:2)
  5 kobolds
  6 quokkas
  3 ball pythons
  6 frilled lizards
  8 rats
108 creatures vanquished.

Vanquished Creatures (others)
  6 plants (D:5)
6 creatures vanquished.

Grand Total: 114 creatures vanquished

Notes
Turn   | Place    | Note
-------+----------+-------------------------------------------
     0 | D:1      | qw the Tengu Warper began the quest for the Orb.
     0 | D:1      | Reached XP level 1. HP: 12/12 MP: 4/4
     0 | D:1      | 0 ||| qw: Version: 0.1-a-89-g26bdef1
     0 | D:1      | 0 ||| qw: Game counter: 1345
     0 | D:1      | 0 ||| qw: Always use a shield: true
     0 | D:1      | 0 ||| qw: God list: Okawaru
     0 | D:1      | 0 ||| qw: Allow faded altars: false
     0 | D:1      | 0 ||| qw: Do Orc after D:15 true
     0 | D:1      | 0 ||| qw: Do second Lair branch before Depths: true
     0 | D:1      | 0 ||| qw: Lair rune preference: random
     0 | D:1      | 0 ||| qw: Plans: Normal
     0 | D:1      | 0 ||| PLANNING D:1-11
   228 | D:1      | Reached XP level 2. HP: 17/17 MP: 6/6
   242 | D:1      | Reached skill level 3 in Axes
   247 | D:1      | HP: 1/17 [quokka (4)]
   697 | D:1      | 697 ||| Stepping ~*~*~tactically~*~*~ (stealth).
   700 | D:1      | Found Siha Xoe's Antique Armour Emporium.
   840 | D:1      | 840 ||| SHOPLISTING chain mail (94 gold, have 43).
   840 | D:1      | 840 ||| SHOPLISTING glowing plate armour (546 gold, have
                  | 43).
   840 | D:1      | 840 ||| SHOPLISTING heavily runed chain mail (199 gold,
                  | have 43).
   840 | D:1      | 840 ||| SHOPLISTING pair of gloves (94 gold, have 43).
   966 | D:1      | 966 ||| UPGRADING to +0 scale mail.
   976 | D:1      | 976 ||| DROPPING +0 leather armour.
   977 | D:1      | 977 ||| UPGRADING to amulet of regeneration.
   982 | D:1      | 982 ||| DROPPING ring of wizardry.
   983 | D:1      | 983 ||| READING scroll labelled ZOM YH WUE.
   984 | D:1      | 984 ||| READING scroll labelled BOPUXK UHIFFOE.
   985 | D:1      | 985 ||| READING scroll labelled BANGOT HADO.
   985 | D:1      | Identified a scroll of acquirement
   985 | D:1      | 985 ||| ACQUIRING +3 cloak "Juohul" {Rampage +Inv rC-
                  | Str+8}
   985 | D:1      | Acquired the +3 cloak "Juohul" {Rampage +Inv rC- Str+8}
   987 | D:1      | 987 ||| UPGRADING to +3 cloak "Juohul" {Rampage +Inv rC-
                  | Str+8}.
   992 | D:1      | 992 ||| READING 2 scrolls labelled ZEPNYH UFODIDD.
   993 | D:1      | 993 ||| READING scroll labelled HACVUBB VEKYI.
   996 | D:1      | 996 ||| READING scroll labelled JUORUVUVAMN.
  1005 | D:1      | 1005 ||| DROPPING scroll of blinking.
  1043 | D:2      | 1043 ||| Stepping ~*~*~tactically~*~*~ (stealth).
  1050 | D:2      | Reached XP level 3. HP: 21/21 MP: 7/7
  1207 | D:2      | Found a faded altar of an unknown god.
  1273 | D:2      | Reached skill level 4 in Axes
  1280 | D:2      | Identified the +1 pair of boots of Twilight {Slay+5}
  1331 | D:2      | 1331 ||| Stepping ~*~*~tactically~*~*~ (stealth).
  1332 | D:2      | 1332 ||| Stepping ~*~*~tactically~*~*~ (stealth).
  1861 | D:2      | 1861 ||| Stepping ~*~*~tactically~*~*~ (stealth).
  1869 | D:2      | Reached XP level 4. HP: 26/26 MP: 8/8
  1927 | D:2      | Reached skill level 5 in Axes
  1970 | D:2      | Noticed Natasha
  1978 | D:2      | Killed Natasha
  2216 | D:2      | 2216 ||| READING scroll labelled GOEMUI PUXTOF.
  2217 | D:2      | 2217 ||| READING 2 scrolls labelled WYESKOANON.
  2218 | D:2      | 2218 ||| READING scroll labelled FUFINAEJOG.
  2219 | D:2      | 2219 ||| DRINKING 2 glowing puce potions.
  2268 | D:2      | 2268 ||| DROPPING scroll of noise.
  2269 | D:2      | 2269 ||| DROPPING potion of lignification.
  2311 | D:3      | 2311 ||| STAIRDANCE
  2316 | D:2      | Gained mutation: Your magical nature lets you fly swiftly
                  | and evasively. [Tengu growth]
  2316 | D:2      | Reached XP level 5. HP: 27/30 MP: 9/9
  2345 | D:3      | Found a broken altar of Ashenzari.
  2346 | D:3      | Noticed Jessica
  2347 | D:3      | 2347 ||| Stepping ~*~*~tactically~*~*~ (hiding).
  2350 | D:3      | 2350 ||| Stepping ~*~*~tactically~*~*~ (hiding).
  2359 | D:3      | 2359 ||| FLEEEEING.
  2365 | D:3      | 2365 ||| FLEEEEING.
  2366 | D:3      | 2366 ||| FLEEEEING.
  2367 | D:3      | 2367 ||| FLEEEEING.
  2368 | D:3      | 2368 ||| STAIRDANCE
  2373 | D:2      | 2373 ||| DROPPING amulet of the acrobat.
  2374 | D:2      | 2374 ||| DRINKING 2 blue potions.
  2375 | D:2      | 2375 ||| DRINKING 2 bubbling white potions.
  2380 | D:3      | Killed Jessica
  2422 | D:3      | 2422 ||| Stepping ~*~*~tactically~*~*~ (stealth).
  2502 | D:3      | Reached skill level 6 in Axes
  2567 | D:3      | 2567 ||| Stepping ~*~*~tactically~*~*~ (stealth).
  2573 | D:3      | 2573 ||| Stepping ~*~*~tactically~*~*~ (stealth).
  2580 | D:3      | 2580 ||| Stepping ~*~*~tactically~*~*~ (stealth).
  2589 | D:3      | 2589 ||| DROPPING +0 whip.
  2791 | D:3      | Reached XP level 6. HP: 21/35 MP: 10/10
  3026 | D:3      | 3026 ||| UPGRADING to +0 chain mail.
  3036 | D:3      | 3036 ||| DROPPING +0 scale mail.
  3037 | D:3      | 3037 ||| UPGRADING to ring of see invisible.
  3038 | D:3      | 3038 ||| READING scroll labelled BUERHY SEGEITZ.
  3039 | D:3      | 3039 ||| DRINKING 2 silvery potions.
  3040 | D:3      | 3040 ||| READING 2 scrolls of identify.
  3040 | D:3      | 3040 ||| IDENTIFYING fizzy brown potion
  3041 | D:3      | 3041 ||| DROPPING potion of degeneration.
  3107 | D:4      | 3107 ||| Stepping ~*~*~tactically~*~*~ (stealth).
  3535 | D:4      | Reached skill level 7 in Axes
  3891 | D:4      | 3891 ||| DRINKING 2 murky cyan potions.
  3929 | D:5      | Entered Level 5 of the Dungeon
  3949 | D:5      | Reached skill level 3 in Fighting
  3949 | D:5      | Reached XP level 7. HP: 21/41 MP: 11/11
  3968 | D:5      | HP: 9/41 [iguana (8)]
  3969 | D:5      | 3969 ||| READING 3 scrolls of teleportation.
  3969 | D:5      | HP: 3/41 [iguana (7)]
  3970 | D:5      | 3970 ||| DRINKING potion of heal wounds.
  4101 | D:5      | Reached skill level 8 in Axes
  4291 | D:5      | Noticed qw's ghost (novice TeWr)
  4300 | D:5      | 4300 ||| DROPPING +0 flail.
  4305 | D:5      | Found a transporter.
  4343 | D:5      | Reached skill level 9 in Axes
  4344 | D:5      | Found a glowing golden altar of the Shining One.
  4344 | D:5      | Noticed a shadow
  4353 | D:5      | Killed a shadow
  4354 | D:5      | Reached XP level 8. HP: 44/46 MP: 12/12
  4583 | D:5      | Found a sacrificial altar of Ru.
  4697 | D:5      | Noticed a two-headed ogre
  4698 | D:5      | Found a sacrificial altar of Ru.
  4707 | D:5      | Mangled by a two-headed ogre

Levels and vault maps discovered:
D:1:      mrwooster_arrival_arrow, layout_rooms, serial_shops, shop
D:2:      layout_basic, shapermc_ecumenical_altar_totnotflames,
          kennysheep_generic_room_7, uniq_natasha
D:3:      layout_loops_cross, mainiacjoe_overflow_paths, uniq_jessica
D:4:      cheibrodos_greedy_goblins, layout_basic
D:5:      layout_basic, kennysheep_mini_moat, gammafunk_ghost_gnarly_gnolls,
          hangedman_feature_mirror, minmay_misc_feat_x

Skill      XL: |  1  2  3  4  5  6  7  8 |
---------------+-------------------------+-----
Axes           | 3 4 5 6 7 9 |  9.5
Armour         | 2 4 |  4.2
Fighting       | 3 4 |  4.0
Throwing       | |  1.0
Dodging        | |  2.1
Spellcasting   | |  2.0
Translocations | |  2.4

Action                   |  1- 3 |  4- 6 |  7- 9 || total
-------------------------+-------+-------+-------++-------
Melee: Hand axe          |    84 |   136 |   128 ||   348
       Kick              |    22 |    36 |    27 ||    85
       Peck              |     7 |    16 |    22 ||    45
       Punch             |       |     3 |     3 ||     6
Throw: Boomerang         |     7 |       |       ||     7
  Use: Scroll            |     6 |     5 |     1 ||    12
       Potion            |       |     5 |     1 ||     6
Armor: Leather armour    |     8 |       |       ||     8
       Scale mail        |    20 |    23 |       ||    43
       Chain mail        |       |    24 |    50 ||    74
Dodge: Dodged            |    36 |    54 |    49 ||   139

Table legend:
 A = Non-vault XP
 B = Vault XP
 C = Vault XP percentage of total XP
 D = Non-vault monster count
 E = Vault monster count
 F = Vault count percentage of total count
                 A         B        C        D         E       F
            +---------+---------+-------+---------+---------+-------
      Total |    1287 |     500 |  28.0 |      92 |      16 |  14.8
            +---------+---------+-------+---------+---------+-------
        D:1 |      31 |       0 |   0.0 |      18 |       0 |   0.0
        D:2 |      96 |      39 |  28.9 |      30 |       3 |   9.1
        D:3 |     146 |      37 |  20.2 |      20 |       1 |   4.8
        D:4 |     178 |      18 |   9.2 |       8 |       9 |  52.9
        D:5 |     836 |     406 |  32.7 |      16 |       3 |  15.8
            +---------+---------+-------+---------+---------+-------
